Avalanche vs Canucks

Created - February 27 2011 at 11:24

Goals
1 2 3 T
Avalanche 0 1 0 1
Canucks 2 1 1 4
Shots
1 2 3 T
Avalanche 7 12 12 31
Canucks 9 10 13 32

Period #1

1. Canucks , Corey Perry 25 (Joe Thornton, Loui Eriksson) at 14:45
2. Canucks , Valtteri Filppula 10 (Mike Komisarek, Ian White) at 15:06

Penalties :
Valtteri Filppula (VAN) for Hooking (Minor) at 1:44, Dustin Penner (COL) for Roughing (Minor) at 5:54, Tomas Holmstrom (VAN) for Hooking (Minor) at 8:14, Troy Brouwer (COL) for Holding (Minor) at 10:50

Period #2

3. Avalanche , Tyler Bozak 22 (Dustin Penner, Dan Hamhuis) at 1:03
4. Canucks , Ian White 11 (Tomas Holmstrom, Brandon Sutter) at 1:50

Penalties :
Corey Perry (VAN) for Tripping (Minor) at 8:46, Joe Thornton (VAN) for Boarding (Minor) at 15:29, Dmitry Kulikov (VAN) for Close Hand On Puck (Minor) at 17:59, Fedor Tyutin (VAN) for Holding (Minor) at 18:56

Period #3

5. Canucks , Brooks Laich 31 (Phil Kessel, Tomas Holmstrom) at 17:47

Penalties :
Mike Komisarek (VAN) for Tripping (Minor) at 2:52, Dan Hamhuis (COL) for Tripping (Minor) at 15:30, Cal Clutterbuck (COL) for High sticking (Minor) at 17:48

Goalie Stats

Antti Niemi (COL), 28 saves from 32 shots - (0.875), L, 19-17-2, 60:00 minutes
Henrik Lundqvist (VAN), 30 saves from 31 shots - (0.968), W, 20-14-3, 60:00 minutes

Players Stats

Avalanche
Player Name              G  A  P  +/- PIM S  H  SB FO    MP 
------------------------------------------------------------
Brian Gionta             0  0  0  -2  0   2  0  0  2/3   20 
Cal Clutterbuck          0  0  0  -1  2   3  2  0  0/1   14 
Dan Hamhuis              0  1  1  -1  2   1  3  1  0/0   23 
Dustin Penner            0  1  1   0  2   3  0  0  0/2   14 
Joe Corvo                0  0  0   0  0   2  0  1  0/0   22 
Joni Pitkanen            0  0  0  -2  0   2  1  1  0/0   21 
Kevin Klein              0  0  0  -1  0   0  0  2  0/0   20 
Kris Versteeg            0  0  0  -1  0   0  0  0  0/0   12 
Marcel Goc               0  0  0  -1  0   0  0  0  7/15  11 
Mike Knuble              0  0  0   0  0   5  1  0  0/1   14 
T.J. Galiardi            0  0  0   0  0   1  0  0  10/19 16 
T.J. Oshie               0  0  0   0  0   0  0  0  0/0   12 
Trevor Daley             0  0  0   0  0   0  0  1  0/0   4  
Troy Brouwer             0  0  0   0  2   4  1  0  1/1   16 
Tyler Bozak              1  0  1   0  0   2  2  0  10/18 14 
Vaclav Prospal           0  0  0  -2  0   3  0  0  10/25 21 
Wade Redden              0  0  0  -2  0   1  1  2  0/0   20 
Wojtek Wolski            0  0  0  -2  0   2  0  0  0/0   18 
Canucks
Player Name              G  A  P  +/- PIM S  H  SB FO    MP 
------------------------------------------------------------
Brandon Sutter           0  1  1   2  0   4  0  0  10/26 21 
Brooks Laich             1  0  1   1  0   3  0  2  0/1   22 
Corey Perry              1  0  1   0  2   3  2  0  0/0   19 
David Backes             0  0  0   1  0   0  4  0  0/1   17 
Dmitry Kulikov           0  0  0   0  2   1  0  0  0/0   3  
Duncan Keith             0  0  0   0  0   5  0  1  0/0   21 
Erik Karlsson            0  0  0   0  0   2  0  0  0/0   16 
Fedor Tyutin             0  0  0   1  2   1  2  2  0/0   19 
Ian White                1  1  2   2  0   3  0  0  0/0   21 
Jay McClement            0  0  0   0  0   0  0  0  13/20 10 
Joe Thornton             0  1  1   0  2   1  1  0  8/14  16 
Kyle Okposo              0  0  0   0  0   0  1  0  0/1   2  
Loui Eriksson            0  1  1   0  0   6  0  1  1/2   19 
Matthew Carle            0  0  0   0  0   0  0  0  0/0   22 
Mike Komisarek           0  1  1   2  2   0  6  2  0/0   16 
Phil Kessel              0  1  1   1  0   0  0  0  8/14  17 
Tomas Holmstrom          0  2  2   3  2   2  3  0  1/2   11 
Valtteri Filppula        1  0  1   2  2   1  2  0  4/4   16 

3 Stars

1 - Henrik Lundqvist (VAN)
2 - Ian White (VAN)
3 - Tomas Holmstrom (VAN)

Power Play

Avalanche - 0 on 7 Attempt(s) - 0.00%
Canucks - 0 on 4 Attempt(s) - 0.00%

Penalty Kill

Avalanche - 4 on 4 Attempt(s) - 100.00% - Score 0 goal in Penalty Kill
Canucks - 7 on 7 Attempt(s) - 100.00% - Score 0 goal in Penalty Kill

Game Notes

Trevor Daley is injured at 13:36 of 1st period (Sprained Right Ankle)

Finance

Level 1 -- Attendance: 6500 (100.00%) -- Ticket Income $520,000.00
Level 2 -- Attendance: 3767 (75.34%) -- Ticket Income $244,855.00
Level 3 -- Attendance: 1855 (53.00%) -- Ticket Income $92,750.00
Level 4 -- Attendance: 1881 (71.52%) -- Ticket Income $47,025.00
Luxury Box -- Attendance: 668 (66.80%) -- Ticket Income $167,000.00
Game was played at the General Motors Place
Total Attendance: 14671 (78.75%)
Total Ticket Income: $1,174,850.00
Other Income: $203,140.20
Total Income: $1,377,990.00


Play by Play

Period #1

0:01 of 1st period - Joe Thornton wins face-off versus Vaclav Prospal in neutral zone.
0:51 of 1st period - Dustin Penner is hit by Corey Perry and loses puck.
1:35 of 1st period - Icing by Dan Hamhuis.
1:36 of 1st period - Tyler Bozak wins face-off versus Brandon Sutter in Avalanche zone.
1:44 of 1st period - Minor Penalty to Valtteri Filppula for Hooking.
1:45 of 1st period - Brandon Sutter wins face-off versus Vaclav Prospal in Canucks zone.
2:48 of 1st period - Shot by Dustin Penner.
2:48 of 1st period - Shot Misses the Net.
2:52 of 1st period - Shot by Dustin Penner.
2:52 of 1st period - Stopped by Henrik Lundqvist with a rebound.
2:54 of 1st period - Shot by Joe Corvo.
2:54 of 1st period - Stopped by Henrik Lundqvist without a rebound.
2:55 of 1st period - Jay McClement wins face-off versus Tyler Bozak in Canucks zone.
3:22 of 1st period - Shot by Tyler Bozak.
3:22 of 1st period - Stopped by Henrik Lundqvist without a rebound.
3:23 of 1st period - Vaclav Prospal wins face-off versus Jay McClement in Canucks zone.
3:32 of 1st period - Shot by Vaclav Prospal.
3:32 of 1st period - Stopped by Henrik Lundqvist without a rebound.
3:33 of 1st period - Troy Brouwer wins face-off versus Jay McClement in Canucks zone.
3:52 of 1st period - Shot by Corey Perry.
3:52 of 1st period - Shot Misses the Net.
3:54 of 1st period - Shot by Dmitry Kulikov.
3:54 of 1st period - Stopped by Antti Niemi without a rebound.
3:55 of 1st period - T.J. Galiardi wins face-off versus Brandon Sutter in Avalanche zone.
4:13 of 1st period - Shot by Troy Brouwer.
4:13 of 1st period - Stopped by Henrik Lundqvist without a rebound.
4:14 of 1st period - Jay McClement wins face-off versus Marcel Goc in Canucks zone.
4:14 of 1st period - Jay McClement is hit by Cal Clutterbuck.
4:34 of 1st period - Shot by Cal Clutterbuck.
4:34 of 1st period - Stopped by Henrik Lundqvist without a rebound.
4:35 of 1st period - Vaclav Prospal wins face-off versus Phil Kessel in Canucks zone.
5:53 of 1st period - Joe Thornton is hit by Mike Knuble and loses puck.
5:54 of 1st period - Minor Penalty to Dustin Penner for Roughing.
5:55 of 1st period - Brandon Sutter wins face-off versus Marcel Goc in Avalanche zone.
6:48 of 1st period - Icing by Loui Eriksson.
6:49 of 1st period - Valtteri Filppula wins face-off versus Marcel Goc in Canucks zone.
7:49 of 1st period - Shot by Joe Thornton.
7:49 of 1st period - Shot Misses the Net.
7:51 of 1st period - Shot by Duncan Keith.
7:51 of 1st period - Stopped by Antti Niemi with a rebound.
7:53 of 1st period - Shot by Duncan Keith.
7:53 of 1st period - Stopped by Antti Niemi without a rebound.
7:54 of 1st period - Brian Gionta wins face-off versus Brandon Sutter in Avalanche zone.
8:14 of 1st period - Minor Penalty to Tomas Holmstrom for Hooking.
8:15 of 1st period - Brandon Sutter wins face-off versus Tyler Bozak in Canucks zone.
8:46 of 1st period - Shot by Wade Redden.
8:46 of 1st period - Shot Misses the Net.
8:48 of 1st period - Shot by Joni Pitkanen.
8:48 of 1st period - Shot Blocked by Mike Komisarek.
9:30 of 1st period - Shot by Brian Gionta.
9:30 of 1st period - Shot Misses the Net.
9:49 of 1st period - Shot by Wade Redden.
9:49 of 1st period - Stopped by Henrik Lundqvist without a rebound.
9:50 of 1st period - Jay McClement wins face-off versus Dustin Penner in Canucks zone.
9:56 of 1st period - Icing by Joni Pitkanen.
9:57 of 1st period - Tyler Bozak wins face-off versus Jay McClement in Avalanche zone.
10:50 of 1st period - Minor Penalty to Troy Brouwer for Holding.
10:51 of 1st period - Marcel Goc wins face-off versus Joe Thornton in Avalanche zone.
11:02 of 1st period - Shot by Corey Perry.
11:02 of 1st period - Deflect By Loui Eriksson.
11:02 of 1st period - Shot Misses the Net.
11:16 of 1st period - Shot by Loui Eriksson.
11:16 of 1st period - Deflect By Corey Perry.
11:16 of 1st period - Shot Misses the Net.
11:18 of 1st period - Shot by Loui Eriksson.
11:18 of 1st period - Stopped by Antti Niemi without a rebound.
11:19 of 1st period - T.J. Galiardi wins face-off versus Brooks Laich in Avalanche zone.
12:27 of 1st period - Shot by Duncan Keith.
12:27 of 1st period - Shot Misses the Net.
12:40 of 1st period - Off-side.
12:41 of 1st period - Joe Thornton wins face-off versus T.J. Galiardi in neutral zone.
13:01 of 1st period - Vaclav Prospal is hit by Mike Komisarek and loses puck.
13:16 of 1st period - Shot by Valtteri Filppula.
13:16 of 1st period - Deflect By Tomas Holmstrom.
13:16 of 1st period - Stopped by Antti Niemi without a rebound.
13:17 of 1st period - Joe Thornton wins face-off versus Dustin Penner in Avalanche zone.
13:34 of 1st period - Shot by Corey Perry.
13:34 of 1st period - Deflect By Loui Eriksson.
13:34 of 1st period - Stopped by Antti Niemi without a rebound.
13:35 of 1st period - Jay McClement wins face-off versus T.J. Galiardi in Avalanche zone.
13:36 of 1st period - Shot by Loui Eriksson.
13:36 of 1st period - Shot Blocked by Trevor Daley.
13:36 of 1st period - Trevor Daley from Avalanche is injured at 13:36 of 1st period (Sprained Right Ankle).
13:37 of 1st period - Jay McClement wins face-off versus T.J. Galiardi in Avalanche zone.
13:38 of 1st period - Shot by Loui Eriksson.
13:38 of 1st period - Shot Misses the Net.
13:40 of 1st period - Shot by Corey Perry.
13:40 of 1st period - Shot Blocked by Kevin Klein.
13:46 of 1st period - Shot by Corey Perry.
13:46 of 1st period - Stopped by Antti Niemi without a rebound.
13:47 of 1st period - Phil Kessel wins face-off versus Cal Clutterbuck in Avalanche zone.
14:04 of 1st period - Marcel Goc is hit by David Backes and loses puck.
14:43 of 1st period - Shot by Joe Thornton.
14:43 of 1st period - Shot Misses the Net.
14:45 of 1st period - Shot by Corey Perry.
14:45 of 1st period - Goal by Corey Perry - Avalanche : 0 - Canucks : 1.
14:46 of 1st period - Vaclav Prospal wins face-off versus Brandon Sutter in neutral zone.
14:46 of 1st period - Vaclav Prospal is hit by Tomas Holmstrom.
14:59 of 1st period - Valtteri Filppula is hit by Joni Pitkanen and loses puck.
15:02 of 1st period - Shot by Ian White.
15:02 of 1st period - Shot Blocked by Wade Redden.
15:06 of 1st period - Shot by Valtteri Filppula.
15:06 of 1st period - Goal by Valtteri Filppula - Avalanche : 0 - Canucks : 2.
15:07 of 1st period - Joe Thornton wins face-off versus T.J. Galiardi in neutral zone.
16:04 of 1st period - Icing by Ian White.
16:05 of 1st period - Tyler Bozak wins face-off versus Brandon Sutter in Canucks zone.
16:18 of 1st period - Mike Knuble is hit by Tomas Holmstrom and loses puck.
17:44 of 1st period - Icing by Kevin Klein.
17:45 of 1st period - T.J. Galiardi wins face-off versus Joe Thornton in Avalanche zone.
18:05 of 1st period - Icing by Cal Clutterbuck.
18:06 of 1st period - Jay McClement wins face-off versus T.J. Galiardi in Avalanche zone.
18:10 of 1st period - Icing by Kevin Klein.
18:11 of 1st period - T.J. Galiardi wins face-off versus Brandon Sutter in Avalanche zone.
18:11 of 1st period - T.J. Galiardi is hit by Tomas Holmstrom.
19:04 of 1st period - Loui Eriksson is hit by Dan Hamhuis and loses puck.

Period #2

0:01 of 2nd period - Vaclav Prospal wins face-off versus Joe Thornton in neutral zone.
1:01 of 2nd period - Shot by Dustin Penner.
1:01 of 2nd period - Shot Misses the Net.
1:03 of 2nd period - Shot by Tyler Bozak.
1:03 of 2nd period - Goal by Tyler Bozak - Avalanche : 1 - Canucks : 2.
1:04 of 2nd period - Phil Kessel wins face-off versus T.J. Galiardi in neutral zone.
1:09 of 2nd period - Shot by Brooks Laich.
1:09 of 2nd period - Stopped by Antti Niemi without a rebound.
1:10 of 2nd period - Marcel Goc wins face-off versus Brandon Sutter in Avalanche zone.
1:10 of 2nd period - Marcel Goc is hit by Valtteri Filppula.
1:50 of 2nd period - Shot by Ian White.
1:50 of 2nd period - Goal by Ian White - Avalanche : 1 - Canucks : 3.
1:51 of 2nd period - Vaclav Prospal wins face-off versus David Backes in neutral zone.
2:02 of 2nd period - Shot by Brian Gionta.
2:02 of 2nd period - Deflect By Wojtek Wolski.
2:02 of 2nd period - Shot Misses the Net.
2:54 of 2nd period - Troy Brouwer is hit by David Backes and loses puck.
3:35 of 2nd period - Matthew Carle is hit by Dan Hamhuis and loses puck.
3:42 of 2nd period - Shot by Corey Perry.
3:42 of 2nd period - Shot Misses the Net.
4:10 of 2nd period - Shot by Ian White.
4:10 of 2nd period - Stopped by Antti Niemi without a rebound.
4:11 of 2nd period - Loui Eriksson wins face-off versus Marcel Goc in Avalanche zone.
4:27 of 2nd period - Shot by Corey Perry.
4:27 of 2nd period - Stopped by Antti Niemi without a rebound.
4:28 of 2nd period - Valtteri Filppula wins face-off versus Vaclav Prospal in Avalanche zone.
4:54 of 2nd period - Shot by Vaclav Prospal.
4:54 of 2nd period - Shot Misses the Net.
4:56 of 2nd period - Shot by Brian Gionta.
4:56 of 2nd period - Shot Blocked by Mike Komisarek.
5:34 of 2nd period - Shot by Phil Kessel.
5:34 of 2nd period - Shot Misses the Net.
6:01 of 2nd period - Loui Eriksson is hit by Troy Brouwer and loses puck.
6:54 of 2nd period - Shot by Mike Komisarek.
6:54 of 2nd period - Deflect By Brandon Sutter.
6:54 of 2nd period - Stopped by Antti Niemi without a rebound.
6:55 of 2nd period - Phil Kessel wins face-off versus Vaclav Prospal in Avalanche zone.
7:00 of 2nd period - Shot by Phil Kessel.
7:00 of 2nd period - Shot Misses the Net.
7:02 of 2nd period - Shot by Duncan Keith.
7:02 of 2nd period - Stopped by Antti Niemi without a rebound.
7:03 of 2nd period - Brandon Sutter wins face-off versus Vaclav Prospal in Avalanche zone.
7:06 of 2nd period - Shot by Tomas Holmstrom.
7:06 of 2nd period - Deflect By Brandon Sutter.
7:06 of 2nd period - Stopped by Antti Niemi with a rebound.
7:16 of 2nd period - Shot by Brandon Sutter.
7:16 of 2nd period - Shot Blocked by Joni Pitkanen.
7:26 of 2nd period - Shot by Brandon Sutter.
7:26 of 2nd period - Stopped by Antti Niemi without a rebound.
7:27 of 2nd period - Phil Kessel wins face-off versus Mike Knuble in Avalanche zone.
8:29 of 2nd period - Shot by Brian Gionta.
8:29 of 2nd period - Stopped by Henrik Lundqvist without a rebound.
8:30 of 2nd period - Tomas Holmstrom wins face-off versus Marcel Goc in Canucks zone.
8:37 of 2nd period - Shot by Tomas Holmstrom.
8:37 of 2nd period - Stopped by Antti Niemi without a rebound.
8:38 of 2nd period - Joe Thornton wins face-off versus Vaclav Prospal in Avalanche zone.
8:46 of 2nd period - Minor Penalty to Corey Perry for Tripping.
8:47 of 2nd period - Jay McClement wins face-off versus Tyler Bozak in Canucks zone.
8:56 of 2nd period - Shot by Mike Knuble.
8:56 of 2nd period - Stopped by Henrik Lundqvist with a rebound.
8:58 of 2nd period - Shot by Dustin Penner.
8:58 of 2nd period - Stopped by Henrik Lundqvist without a rebound.
8:59 of 2nd period - Brian Gionta wins face-off versus Brandon Sutter in Canucks zone.
9:22 of 2nd period - Shot by Wojtek Wolski.
9:22 of 2nd period - Stopped by Henrik Lundqvist without a rebound.
9:23 of 2nd period - Jay McClement wins face-off versus Tyler Bozak in Canucks zone.
10:21 of 2nd period - Shot by Wojtek Wolski.
10:21 of 2nd period - Shot Misses the Net.
10:23 of 2nd period - Shot by Wojtek Wolski.
10:23 of 2nd period - Stopped by Henrik Lundqvist without a rebound.
10:24 of 2nd period - Jay McClement wins face-off versus Tyler Bozak in Canucks zone.
10:35 of 2nd period - Shot by Joni Pitkanen.
10:35 of 2nd period - Stopped by Henrik Lundqvist without a rebound.
10:36 of 2nd period - Brandon Sutter wins face-off versus Brian Gionta in Canucks zone.
11:35 of 2nd period - Icing by Kevin Klein.
11:36 of 2nd period - T.J. Galiardi wins face-off versus Brandon Sutter in Avalanche zone.
12:41 of 2nd period - Shot by Phil Kessel.
12:41 of 2nd period - Shot Misses the Net.
12:43 of 2nd period - Shot by Duncan Keith.
12:43 of 2nd period - Stopped by Antti Niemi without a rebound.
12:44 of 2nd period - Tyler Bozak wins face-off versus Joe Thornton in Avalanche zone.
13:03 of 2nd period - Shot by Corey Perry.
13:03 of 2nd period - Shot Misses the Net.
13:10 of 2nd period - Corey Perry is hit by Dan Hamhuis and loses puck.
13:36 of 2nd period - Icing by Dan Hamhuis.
13:37 of 2nd period - Tyler Bozak wins face-off versus Phil Kessel in Avalanche zone.
14:00 of 2nd period - Icing by Duncan Keith.
14:01 of 2nd period - Phil Kessel wins face-off versus Marcel Goc in Canucks zone.
14:01 of 2nd period - Phil Kessel is hit by Cal Clutterbuck.
14:21 of 2nd period - Shot by Cal Clutterbuck.
14:21 of 2nd period - Stopped by Henrik Lundqvist without a rebound.
14:22 of 2nd period - T.J. Galiardi wins face-off versus Tomas Holmstrom in Canucks zone.
14:31 of 2nd period - Shot by T.J. Oshie.
14:31 of 2nd period - Shot Misses the Net.
14:52 of 2nd period - Brandon Sutter is hit by Wade Redden.
15:28 of 2nd period - Kris Versteeg is hit by Corey Perry and loses puck.
15:29 of 2nd period - Minor Penalty to Joe Thornton for Boarding.
15:30 of 2nd period - Tyler Bozak wins face-off versus Jay McClement in Canucks zone.
15:54 of 2nd period - Shot by Joni Pitkanen.
15:54 of 2nd period - Stopped by Henrik Lundqvist without a rebound.
15:55 of 2nd period - Jay McClement wins face-off versus Vaclav Prospal in Canucks zone.
16:55 of 2nd period - Shot by Mike Knuble.
16:55 of 2nd period - Stopped by Henrik Lundqvist without a rebound.
16:56 of 2nd period - Jay McClement wins face-off versus Vaclav Prospal in Canucks zone.
17:21 of 2nd period - Shot by Wojtek Wolski.
17:21 of 2nd period - Shot Misses the Net.
17:23 of 2nd period - Shot by Joe Corvo.
17:23 of 2nd period - Shot Misses the Net.
17:25 of 2nd period - Shot by Vaclav Prospal.
17:25 of 2nd period - Shot Misses the Net.
17:52 of 2nd period - Shot by T.J. Oshie.
17:52 of 2nd period - Shot Misses the Net.
17:54 of 2nd period - Shot by T.J. Galiardi.
17:54 of 2nd period - Stopped by Henrik Lundqvist without a rebound.
17:55 of 2nd period - Tyler Bozak wins face-off versus Jay McClement in Canucks zone.
17:59 of 2nd period - Minor Penalty to Dmitry Kulikov for Close Hand On Puck.
18:00 of 2nd period - Tyler Bozak wins face-off versus Brandon Sutter in Canucks zone.
18:10 of 2nd period - Tyler Bozak is hit by Mike Komisarek and loses puck.
18:21 of 2nd period - Shot by Tyler Bozak.
18:21 of 2nd period - Shot Misses the Net.
18:23 of 2nd period - Shot by Mike Knuble.
18:23 of 2nd period - Shot Misses the Net.
18:25 of 2nd period - Shot by Mike Knuble.
18:25 of 2nd period - Shot Misses the Net.
18:56 of 2nd period - Minor Penalty to Fedor Tyutin for Holding.
18:57 of 2nd period - Jay McClement wins face-off versus Vaclav Prospal in Canucks zone.
19:56 of 2nd period - Shot by Dustin Penner.
19:56 of 2nd period - Stopped by Henrik Lundqvist without a rebound.
19:57 of 2nd period - Phil Kessel wins face-off versus Vaclav Prospal in Canucks zone.

Period #3

0:01 of 3rd period - Vaclav Prospal wins face-off versus Jay McClement in neutral zone.
0:23 of 3rd period - Brian Gionta is hit by Mike Komisarek and loses puck.
1:29 of 3rd period - Shot by T.J. Galiardi.
1:29 of 3rd period - Shot Blocked by Loui Eriksson.
1:32 of 3rd period - Icing by Matthew Carle.
1:33 of 3rd period - Marcel Goc wins face-off versus Loui Eriksson in Canucks zone.
1:37 of 3rd period - Icing by Loui Eriksson.
1:38 of 3rd period - Marcel Goc wins face-off versus Joe Thornton in Canucks zone.
2:13 of 3rd period - Shot by Brooks Laich.
2:13 of 3rd period - Stopped by Antti Niemi with a rebound.
2:17 of 3rd period - Shot by Duncan Keith.
2:17 of 3rd period - Stopped by Antti Niemi with a rebound.
2:19 of 3rd period - Shot by Erik Karlsson.
2:19 of 3rd period - Shot Misses the Net.
2:23 of 3rd period - Shot by Phil Kessel.
2:23 of 3rd period - Deflect By Brooks Laich.
2:23 of 3rd period - Shot Hit the Post.
2:25 of 3rd period - Shot by Duncan Keith.
2:25 of 3rd period - Shot Blocked by Kevin Klein.
2:29 of 3rd period - Shot by Erik Karlsson.
2:29 of 3rd period - Stopped by Antti Niemi with a rebound.
2:52 of 3rd period - Minor Penalty to Mike Komisarek for Tripping.
2:53 of 3rd period - Vaclav Prospal wins face-off versus Jay McClement in Canucks zone.
3:03 of 3rd period - Icing by Dan Hamhuis.
3:04 of 3rd period - Brandon Sutter wins face-off versus Vaclav Prospal in Avalanche zone.
3:05 of 3rd period - Shot by Ian White.
3:05 of 3rd period - Shot Misses the Net.
3:07 of 3rd period - Shot by Brandon Sutter.
3:07 of 3rd period - Stopped by Antti Niemi without a rebound.
3:08 of 3rd period - Vaclav Prospal wins face-off versus Brandon Sutter in Avalanche zone.
3:23 of 3rd period - Shot by Vaclav Prospal.
3:23 of 3rd period - Shot Hit the Post.
3:25 of 3rd period - Shot by Joe Corvo.
3:25 of 3rd period - Shot Misses the Net.
3:27 of 3rd period - Shot by Vaclav Prospal.
3:27 of 3rd period - Shot Blocked by Duncan Keith.
3:31 of 3rd period - Shot by Brian Gionta.
3:31 of 3rd period - Shot Blocked by Brooks Laich.
3:33 of 3rd period - Shot by Brian Gionta.
3:33 of 3rd period - Stopped by Henrik Lundqvist with a rebound.
3:35 of 3rd period - Shot by Joe Corvo.
3:35 of 3rd period - Stopped by Henrik Lundqvist without a rebound.
3:36 of 3rd period - Valtteri Filppula wins face-off versus Tyler Bozak in Canucks zone.
3:47 of 3rd period - Shot by Mike Knuble.
3:47 of 3rd period - Stopped by Henrik Lundqvist with a rebound.
3:58 of 3rd period - Icing by Dustin Penner.
3:59 of 3rd period - Tyler Bozak wins face-off versus Brandon Sutter in Avalanche zone.
4:10 of 3rd period - Shot by Wade Redden.
4:10 of 3rd period - Shot Blocked by Fedor Tyutin.
4:14 of 3rd period - Shot by Joni Pitkanen.
4:14 of 3rd period - Shot Misses the Net.
5:03 of 3rd period - Cal Clutterbuck is hit by Fedor Tyutin and loses puck.
5:45 of 3rd period - Tyler Bozak is hit by Mike Komisarek and loses puck.
5:48 of 3rd period - Shot by Mike Knuble.
5:48 of 3rd period - Stopped by Henrik Lundqvist without a rebound.
5:49 of 3rd period - Phil Kessel wins face-off versus Vaclav Prospal in Canucks zone.
5:58 of 3rd period - Shot by David Backes.
5:58 of 3rd period - Shot Misses the Net.
6:00 of 3rd period - Shot by Erik Karlsson.
6:00 of 3rd period - Stopped by Antti Niemi without a rebound.
6:01 of 3rd period - Marcel Goc wins face-off versus Brandon Sutter in Avalanche zone.
6:14 of 3rd period - Shot by Kris Versteeg.
6:14 of 3rd period - Shot Misses the Net.
6:35 of 3rd period - Joni Pitkanen is hit by Valtteri Filppula and loses puck.
8:18 of 3rd period - Wade Redden is hit by David Backes and loses puck.
8:22 of 3rd period - Icing by Brian Gionta.
8:23 of 3rd period - Brandon Sutter wins face-off versus Vaclav Prospal in Avalanche zone.
8:24 of 3rd period - Shot by Ian White.
8:24 of 3rd period - Stopped by Antti Niemi without a rebound.
8:25 of 3rd period - Brandon Sutter wins face-off versus Vaclav Prospal in Avalanche zone.
8:45 of 3rd period - Shot by Vaclav Prospal.
8:45 of 3rd period - Stopped by Henrik Lundqvist with a rebound.
8:47 of 3rd period - Shot by Dan Hamhuis.
8:47 of 3rd period - Stopped by Henrik Lundqvist without a rebound.
8:48 of 3rd period - Jay McClement wins face-off versus T.J. Galiardi in Canucks zone.
9:13 of 3rd period - Shot by Troy Brouwer.
9:13 of 3rd period - Stopped by Henrik Lundqvist without a rebound.
9:14 of 3rd period - Tyler Bozak wins face-off versus Brandon Sutter in Canucks zone.
9:14 of 3rd period - Tyler Bozak is hit by Mike Komisarek.
9:18 of 3rd period - Shot by Mike Knuble.
9:18 of 3rd period - Stopped by Henrik Lundqvist without a rebound.
9:19 of 3rd period - Vaclav Prospal wins face-off versus Phil Kessel in Canucks zone.
9:29 of 3rd period - Icing by Brooks Laich.
9:30 of 3rd period - Phil Kessel wins face-off versus Tyler Bozak in Canucks zone.
9:30 of 3rd period - Phil Kessel is hit by Tyler Bozak.
9:37 of 3rd period - Icing by Brooks Laich.
9:38 of 3rd period - T.J. Galiardi wins face-off versus Phil Kessel in Canucks zone.
10:33 of 3rd period - Vaclav Prospal is hit by Fedor Tyutin and loses puck.
10:38 of 3rd period - Shot by Wojtek Wolski.
10:38 of 3rd period - Shot Blocked by Fedor Tyutin.
10:42 of 3rd period - Shot by Vaclav Prospal.
10:42 of 3rd period - Stopped by Henrik Lundqvist without a rebound.
10:43 of 3rd period - Brandon Sutter wins face-off versus Marcel Goc in Canucks zone.
10:48 of 3rd period - Shot by Cal Clutterbuck.
10:48 of 3rd period - Stopped by Henrik Lundqvist without a rebound.
10:49 of 3rd period - Marcel Goc wins face-off versus Brandon Sutter in Canucks zone.
10:55 of 3rd period - Kris Versteeg is hit by Mike Komisarek and loses puck.
11:56 of 3rd period - Shot by Loui Eriksson.
11:56 of 3rd period - Stopped by Antti Niemi without a rebound.
11:57 of 3rd period - T.J. Galiardi wins face-off versus Phil Kessel in Avalanche zone.
12:02 of 3rd period - T.J. Oshie is hit by David Backes.
12:10 of 3rd period - Shot by T.J. Galiardi.
12:10 of 3rd period - Shot Blocked by Brooks Laich.
12:14 of 3rd period - Shot by T.J. Oshie.
12:14 of 3rd period - Deflect By Troy Brouwer.
12:14 of 3rd period - Stopped by Henrik Lundqvist with a rebound.
12:22 of 3rd period - Shot by T.J. Galiardi.
12:22 of 3rd period - Shot Misses the Net.
12:24 of 3rd period - Shot by Troy Brouwer.
12:24 of 3rd period - Stopped by Henrik Lundqvist without a rebound.
12:25 of 3rd period - Joe Thornton wins face-off versus Tyler Bozak in Canucks zone.
12:25 of 3rd period - Joe Thornton is hit by Tyler Bozak.
12:30 of 3rd period - Icing by Loui Eriksson.
12:31 of 3rd period - Joe Thornton wins face-off versus Vaclav Prospal in Canucks zone.
12:50 of 3rd period - Shot by Loui Eriksson.
12:50 of 3rd period - Stopped by Antti Niemi without a rebound.
12:51 of 3rd period - Valtteri Filppula wins face-off versus T.J. Galiardi in Avalanche zone.
13:37 of 3rd period - Off-side.
13:38 of 3rd period - Vaclav Prospal wins face-off versus Joe Thornton in neutral zone.
13:38 of 3rd period - Joni Pitkanen is hit by Joe Thornton and loses puck.
13:56 of 3rd period - Shot by Loui Eriksson.
13:56 of 3rd period - Stopped by Antti Niemi without a rebound.
13:57 of 3rd period - Marcel Goc wins face-off versus Phil Kessel in Avalanche zone.
15:20 of 3rd period - Shot by Joe Thornton.
15:20 of 3rd period - Stopped by Antti Niemi with a rebound.
15:22 of 3rd period - Shot by Joe Thornton.
15:22 of 3rd period - Shot Blocked by Dan Hamhuis.
15:24 of 3rd period - Shot by Matthew Carle.
15:24 of 3rd period - Shot Blocked by Joe Corvo.
15:26 of 3rd period - Shot by Loui Eriksson.
15:26 of 3rd period - Shot Misses the Net.
15:30 of 3rd period - Shot by Fedor Tyutin.
15:30 of 3rd period - Stopped by Antti Niemi without a rebound.
15:30 of 3rd period - Minor Penalty to Dan Hamhuis for Tripping.
15:31 of 3rd period - T.J. Galiardi wins face-off versus Brandon Sutter in Avalanche zone.
16:33 of 3rd period - Shot by Joe Thornton.
16:33 of 3rd period - Shot Hit the Post.
16:37 of 3rd period - Shot by Loui Eriksson.
16:37 of 3rd period - Stopped by Antti Niemi without a rebound.
16:38 of 3rd period - Joe Thornton wins face-off versus T.J. Galiardi in Avalanche zone.
17:43 of 3rd period - Shot by Tomas Holmstrom.
17:43 of 3rd period - Shot Misses the Net.
17:47 of 3rd period - Shot by Brooks Laich.
17:47 of 3rd period - Goal by Brooks Laich - Avalanche : 1 - Canucks : 4.
17:48 of 3rd period - Brandon Sutter wins face-off versus Marcel Goc in neutral zone.
17:48 of 3rd period - Minor Penalty to Cal Clutterbuck for High sticking.
17:49 of 3rd period - T.J. Galiardi wins face-off versus Kyle Okposo in Avalanche zone.
17:49 of 3rd period - T.J. Galiardi is hit by Kyle Okposo.
19:57 of 3rd period - Shot by Duncan Keith.
19:57 of 3rd period - Shot Blocked by Wade Redden.


Output by the SimonT Hockey Simulator (STHS) for Stephane Roy -- Original Page W3C XHTML 1.0 Valid